Spitfire vs River Rats
Created - 3 avril 2013 at 23:27
Goals
|
| Spitfire |
2 |
0 |
2 |
4 |
| River Rats |
1 |
1 |
0 |
2 |
|
Shots
|
| Spitfire |
11 |
7 |
14 |
32 |
| River Rats |
21 |
13 |
12 |
46 |
|
1st period
1. Spitfire , David Krejci 30 (Shean Donovan, Martin Samuelsson) at 13:28
2. River Rats , Jonathan Ericsson 8 (Trent Hunter, Tyler Bozak) at 19:51
3. Spitfire , Ryan Callahan 34 (Tim Kennedy, Brandon Dubinsky) at 19:59
Penalties :
No Penalty
2nd period
4. River Rats , Derek Mackenzie 3 (Andy Greene, Mikael Renberg) at 7:48 (PP)
Penalties :
Dick Tarnstrom (Val) for Interference (Minor) at 7:09, Benn Ferriero (Alb) for Roughing (Minor) at 9:28
3rd period
5. Spitfire , Martin Samuelsson 44 (David Krejci) at 5:11
6. Spitfire , Erik Condra 4 (Dick Tarnstrom, Kevin Klein) at 12:59 (SH)
Penalties :
Martin Samuelsson (Val) for Hooking (Minor) at 6:35, Devin Didiomete (Val) for Holding (Minor) at 11:21, Mathieu Roy (Val) for Diving (Minor) at 17:31
Goalie Stats
Marc Denis (Val), 44 saves from 46 shots - (0,957), W, 30-12-3, 60:00 minutes
Jeff Glass (Alb), 28 saves from 32 shots - (0,875), L, 14-17-4, 60:00 minutes
Players Stats for Spitfire
Player Name G A P +/- PIM S H SB GA TA FO MP PP MP PK MP
------------------------------------------------------------------------------------
Aaron Johnson 0 0 0 0 0 0 0 0 0 0 0/0 12:22 0:00 0:13
Brad Staubitz 0 0 0 0 0 0 0 0 0 0 0/0 0:05 0:00 0:00
Brandon Dubinsky 0 1 1 1 0 4 1 0 0 0 6/13 17:05 0:58 0:30
David Krejci 1 1 2 1 0 5 2 0 1 0 6/23 17:27 1:01 0:00
Denis Shvidki 0 0 0 0 0 1 0 1 2 0 0/0 11:50 0:00 1:08
Devin Didiomete 0 0 0 0 2 0 1 0 0 0 0/0 8:33 0:00 0:00
Dick Tarnstrom 0 1 1 1 2 4 1 1 1 1 0/0 26:16 0:51 3:28
Erik Condra 1 0 1 1 0 2 1 0 0 0 0/0 10:09 0:00 1:23
Keaton Ellerby 0 0 0 0 0 1 0 1 0 0 0/0 13:08 0:00 1:28
Kevin Klein 0 1 1 1 0 1 0 0 1 1 0/0 26:14 0:51 3:54
Kris Beech 0 0 0 0 0 1 3 1 1 0 5/11 11:50 0:00 1:08
Marc-Antoine Pouliot 0 0 0 0 0 1 0 0 0 1 1/1 8:46 0:00 0:00
Martin Samuelsson 1 1 2 1 2 2 4 1 0 2 0/2 20:22 1:01 2:54
Mathieu Roy 0 0 0 2 2 1 0 0 0 1 0/0 20:40 1:08 1:40
Matt Walker 0 0 0 2 0 0 0 1 0 1 0/0 21:24 1:08 2:29
Paul Bissonnette 0 0 0 1 0 0 1 1 0 0 0/0 12:17 0:00 1:30
Ryan Callahan 1 0 1 1 0 6 4 2 2 1 1/2 16:22 0:58 0:00
Shean Donovan 0 1 1 1 0 1 2 0 0 0 2/6 21:13 1:01 3:57
Tim Kennedy 0 1 1 1 0 2 3 1 0 0 0/1 17:17 0:58 0:42
Players Stats for River Rats
Player Name G A P +/- PIM S H SB GA TA FO MP PP MP PK MP
------------------------------------------------------------------------------------
Andrej Meszaros 0 0 0 -1 0 1 0 2 0 0 0/0 9:56 0:00 0:00
Andy Greene 0 1 1 -3 0 2 1 0 0 0 0/0 19:32 2:54 0:56
Benn Ferriero 0 0 0 0 2 1 0 0 0 0 4/4 8:46 0:00 0:00
Brett Maclean 0 0 0 0 0 0 0 0 0 0 0/0 8:45 0:00 0:00
Bryan Bickell 0 0 0 0 0 0 0 0 0 0 0/0 0:46 0:00 0:30
Bryan Rodney 0 0 0 -1 0 0 0 0 0 0 0/0 9:56 0:00 0:00
Chris Mcallister 0 0 0 0 0 1 3 1 0 0 0/0 16:56 2:54 0:00
Derek Mackenzie 1 0 1 0 0 4 1 0 1 0 4/12 16:56 2:54 0:00
Dustin Boyd 0 0 0 -4 0 4 1 1 0 0 24/31 19:39 3:28 0:21
Jay Beagle 0 0 0 0 0 0 1 0 0 2 0/0 9:18 0:14 0:00
Jesse Joensuu 0 0 0 0 0 0 0 0 0 0 0/0 0:00 0:00 0:00
Jonathan Ericsson 1 0 1 1 0 1 0 2 1 1 0/0 25:02 3:42 1:03
Josh Gratton 0 0 0 1 0 3 1 0 0 0 0/1 12:46 0:14 0:00
Josh Meyers 0 0 0 0 0 0 0 0 0 0 0/0 5:30 0:00 0:00
Keith Seabrook 0 0 0 0 0 0 0 0 0 0 0/0 0:00 0:00 0:00
Kyle Chipchura 0 0 0 0 0 0 0 0 0 0 0/0 0:00 0:00 0:00
Lee Stempniak 0 0 0 -4 0 8 2 1 0 0 2/3 20:26 3:28 1:08
Martin Grenier 0 0 0 1 0 4 3 2 0 2 0/0 25:02 3:42 1:03
Matt Jones 0 0 0 -3 0 0 3 1 1 1 0/0 19:32 2:54 0:56
Mikael Renberg 0 1 1 0 0 5 2 0 2 0 0/0 17:17 2:54 0:21
Patrick Maroon 0 0 0 0 0 0 0 0 0 0 0/0 0:00 0:00 0:00
Sasha Pokulok 0 0 0 0 0 0 0 0 0 0 0/0 5:30 0:00 0:00
Trent Hunter 0 1 1 1 0 1 2 1 1 0 0/1 13:13 0:00 0:30
Tyler Bozak 0 1 1 1 0 7 1 1 0 1 2/5 12:46 0:14 0:00
Vladimir Orszagh 0 0 0 -4 0 4 0 0 2 1 2/2 20:26 3:28 1:08
3 Stars
1 - David Krejci (Val)
2 - Martin Samuelsson (Val)
3 - Ryan Callahan (Val)
Power Play
Spitfire - 0 on 1 Attempt(s) - 0,00%
River Rats - 1 on 4 Attempt(s) - 25,00%
Penalty Kill
Spitfire - 3 on 4 Attempt(s) - 75,00%
- Score 1 goal in Penalty Kill
River Rats - 1 on 1 Attempt(s) - 100,00%
- Score 0 goal in Penalty Kill
Official
Referees : McCauley Wes and Watson Brad
Linesman : Brian Mach and Jay Sharrers
Game Notes
No Game Note
Spitfire
5 vs 5 Forward
Center Left Wing Right Wing Time % Phy DF OF
1 David Krejci Martin Samuelsson Shean Donovan 40 1 2 2
2 Brandon Dubinsky Tim Kennedy Ryan Callahan 30 1 2 2
3 Kris Beech Paul Bissonnette Denis Shvidki 20 1 2 2
4 Marc-Antoine Pouliot Devin Didiomete Erik Condra 10 1 2 2
5 vs 5 Defense
Defense Defense Time % Phy DF OF
1 Dick Tarnstrom Kevin Klein 40 1 2 2
2 Matt Walker Mathieu Roy 30 1 2 2
3 Aaron Johnson Keaton Ellerby 20 1 2 2
4 Dick Tarnstrom Kevin Klein 10 1 2 2
PowerPlay Forward
Center Left Wing Right Wing Time % Phy DF OF
1 David Krejci Martin Samuelsson Shean Donovan 60 1 2 2
2 Brandon Dubinsky Tim Kennedy Ryan Callahan 40 1 2 2
PowerPlay Defense
Defense Defense Time % Phy DF OF
1 Dick Tarnstrom Kevin Klein 60 1 2 2
2 Matt Walker Mathieu Roy 40 1 2 2
Penalty Kill 4 Players Forward
Center Wing Time % Phy DF OF
1 Shean Donovan Martin Samuelsson 60 1 2 2
2 Kris Beech Denis Shvidki 40 1 2 2
Penalty Kill 4 Players Defense
Defense Defense Time % Phy DF OF
1 Dick Tarnstrom Kevin Klein 60 1 2 2
2 Matt Walker Mathieu Roy 40 1 2 2
Penalty Kill - 3 Players Forward
Forward Time % Phy DF OF
1 Shean Donovan 60 1 2 2
2 Martin Samuelsson 40 1 2 2
Penalty Kill - 3 Players Defense
Defense Defense Time % Phy DF OF
1 Dick Tarnstrom Kevin Klein 60 1 2 2
2 Matt Walker Mathieu Roy 40 1 2 2
4 vs 4 Forward
Center Wing Time % Phy DF OF
1 David Krejci Martin Samuelsson 60 1 2 2
2 Brandon Dubinsky Ryan Callahan 40 1 2 2
4 vs 4 Defense
Defense Defense Time % Phy DF OF
1 Dick Tarnstrom Kevin Klein 60 1 2 2
2 Matt Walker Mathieu Roy 40 1 2 2
Last Minutes Offensive
Center Left Wing Right Wing Defense Defense
David Krejci Martin Samuelsson Shean Donovan Dick Tarnstrom Kevin Klein
Last Minutes Defensive
Center Left Wing Right Wing Defense Defense
David Krejci Martin Samuelsson Shean Donovan Dick Tarnstrom Kevin Klein
Goaltenders
Starting : Marc Denis
Backup : Yann Danis
Extra Forwards
Normal : Marc-Antoine Pouliot, Martin Samuelsson, Erik Condra - PP : Marc-Antoine Pouliot, Martin Samuelsson - PK : Erik Condra
Extra Defensemen
Normal : Kevin Klein, Keaton Ellerby, Matt Walker - PP : Kevin Klein - PK : Keaton Ellerby, Matt Walker
Penalty Shots
Brandon Dubinsky, Martin Samuelsson, Ryan Callahan, Shean Donovan, David Krejci
River Rats
5 vs 5 Forward
Center Left Wing Right Wing Time % Phy DF OF
1 Dustin Boyd Vladimir Orszagh Lee Stempniak 40 1 2 2
2 Derek Mackenzie Chris Mcallister Mikael Renberg 30 1 2 2
3 Tyler Bozak Josh Gratton Trent Hunter 20 1 2 2
4 Benn Ferriero Brett Maclean Jay Beagle 10 1 2 2
5 vs 5 Defense
Defense Defense Time % Phy DF OF
1 Martin Grenier Jonathan Ericsson 40 1 2 2
2 Matt Jones Andy Greene 30 1 2 2
3 Andrej Meszaros Bryan Rodney 20 1 2 2
4 Sasha Pokulok Josh Meyers 10 1 2 2
PowerPlay Forward
Center Left Wing Right Wing Time % Phy DF OF
1 Dustin Boyd Vladimir Orszagh Lee Stempniak 60 1 2 2
2 Derek Mackenzie Chris Mcallister Mikael Renberg 40 1 2 2
PowerPlay Defense
Defense Defense Time % Phy DF OF
1 Martin Grenier Jonathan Ericsson 60 1 2 2
2 Matt Jones Andy Greene 40 1 2 2
Penalty Kill 4 Players Forward
Center Wing Time % Phy DF OF
1 Vladimir Orszagh Lee Stempniak 60 1 2 2
2 Mikael Renberg Dustin Boyd 40 1 2 2
Penalty Kill 4 Players Defense
Defense Defense Time % Phy DF OF
1 Martin Grenier Jonathan Ericsson 60 1 2 2
2 Matt Jones Andy Greene 40 1 2 2
Penalty Kill - 3 Players Forward
Forward Time % Phy DF OF
1 Vladimir Orszagh 60 1 2 2
2 Lee Stempniak 40 1 2 2
Penalty Kill - 3 Players Defense
Defense Defense Time % Phy DF OF
1 Martin Grenier Jonathan Ericsson 60 1 2 2
2 Matt Jones Andy Greene 40 1 2 2
4 vs 4 Forward
Center Wing Time % Phy DF OF
1 Vladimir Orszagh Lee Stempniak 60 1 2 2
2 Mikael Renberg Dustin Boyd 40 1 2 2
4 vs 4 Defense
Defense Defense Time % Phy DF OF
1 Martin Grenier Jonathan Ericsson 60 1 2 2
2 Matt Jones Andy Greene 40 1 2 2
Last Minutes Offensive
Center Left Wing Right Wing Defense Defense
Dustin Boyd Vladimir Orszagh Lee Stempniak Martin Grenier Jonathan Ericsson
Last Minutes Defensive
Center Left Wing Right Wing Defense Defense
Dustin Boyd Vladimir Orszagh Lee Stempniak Martin Grenier Jonathan Ericsson
Goaltenders
Starting : Jeff Glass
Backup : Barry Brust
Extra Forwards
Normal : Josh Gratton, Tyler Bozak, Trent Hunter - PP : Josh Gratton, Tyler Bozak - PK : Trent Hunter
Extra Defensemen
Normal : Andrej Meszaros, Bryan Rodney, Sasha Pokulok - PP : Andrej Meszaros - PK : Bryan Rodney, Sasha Pokulok
Penalty Shots
Vladimir Orszagh, Lee Stempniak, Mikael Renberg, Dustin Boyd, Chris Mcallister
% Time on Ice - Spitfire
Lines # - Real PCT - Wanted PCT - Time Play
Normal Forward
1 - 33% - 40% - 16:51
2 - 30% - 30% - 15:24
3 - 21% - 20% - 10:42
4 - 16% - 10% - 8:28
Normal Defense
1 - 36% - 40% - 18:45
2 - 36% - 30% - 18:16
3 - 23% - 20% - 11:40
4 - 5% - 10% - 2:44
PP Forward
1 - 51% - 60% - 1:01
2 - 49% - 40% - 0:58
PP Defense
1 - 43% - 60% - 0:51
2 - 57% - 40% - 1:08
PK Forward
1 - 83% - 60% - 5:28
2 - 17% - 40% - 1:08
PK Defense
1 - 59% - 60% - 3:54
2 - 41% - 40% - 2:42
PK3 Forward
1 - 0% - 60%
2 - 0% - 40%
PK3 Defense
1 - 0% - 60%
2 - 0% - 40%
44 Forward
1 - 0% - 60%
2 - 0% - 40%
44 Defense
1 - 0% - 60%
2 - 0% - 40%
Last Minute Offensive - 0:00
Last Minute Defensive - 0:00
Total
Forward - 60:00
Defense - 60:00
|
% Time on Ice - River Rats
Lines # - Real PCT - Wanted PCT - Time Play
Normal Forward
1 - 31% - 40% - 16:11
2 - 27% - 30% - 14:02
3 - 24% - 20% - 12:27
4 - 17% - 10% - 8:45
Normal Defense
1 - 39% - 40% - 20:17
2 - 31% - 30% - 15:42
3 - 19% - 20% - 9:56
4 - 11% - 10% - 5:30
PP Forward
1 - 56% - 60% - 3:42
2 - 44% - 40% - 2:54
PP Defense
1 - 56% - 60% - 3:42
2 - 44% - 40% - 2:54
PK Forward
1 - 82% - 60% - 1:38
2 - 18% - 40% - 0:21
PK Defense
1 - 53% - 60% - 1:03
2 - 47% - 40% - 0:56
PK3 Forward
1 - 0% - 60%
2 - 0% - 40%
PK3 Defense
1 - 0% - 60%
2 - 0% - 40%
44 Forward
1 - 0% - 60%
2 - 0% - 40%
44 Defense
1 - 0% - 60%
2 - 0% - 40%
Last Minute Offensive - 0:00
Last Minute Defensive - 0:00
Total
Forward - 60:00
Defense - 60:00
|
Play by Play
1st period
0:01 of 1st period - Dustin Boyd wins face-off versus David Krejci in neutral zone.
0:12 of 1st period - Wrist shot by Lee Stempniak.
0:12 of 1st period - Stopped by Marc Denis without a rebound.
0:13 of 1st period - Brandon Dubinsky wins face-off versus Derek Mackenzie in Spitfire zone.
0:13 of 1st period - Brandon Dubinsky is hit by Derek Mackenzie.
0:27 of 1st period - Icing by Derek Mackenzie.
0:28 of 1st period - Kris Beech wins face-off versus Derek Mackenzie in River Rats zone.
0:51 of 1st period - Slapshot by Derek Mackenzie.
0:51 of 1st period - Shot Blocked by Keaton Ellerby.
1:35 of 1st period - Wrist shot by Brandon Dubinsky.
1:35 of 1st period - Stopped by Jeff Glass with a rebound.
1:41 of 1st period - Tim Kennedy is hit by Tyler Bozak and loses puck.
3:24 of 1st period - Icing by Paul Bissonnette.
3:25 of 1st period - Benn Ferriero wins face-off versus Tim Kennedy in Spitfire zone.
3:28 of 1st period - Snap shot by Benn Ferriero.
3:28 of 1st period - Stopped by Marc Denis without a rebound.
3:29 of 1st period - Benn Ferriero wins face-off versus Brandon Dubinsky in Spitfire zone.
4:06 of 1st period - Snap shot by Kris Beech.
4:06 of 1st period - Stopped by Jeff Glass with a rebound.
4:08 of 1st period - Wrist shot by Mathieu Roy.
4:08 of 1st period - Shot Misses the Net.
4:22 of 1st period - Slapshot by David Krejci.
4:22 of 1st period - Stopped by Jeff Glass with a rebound.
4:42 of 1st period - Wrist shot by Dustin Boyd.
4:42 of 1st period - Deflect By Vladimir Orszagh.
4:42 of 1st period - Stopped by Marc Denis with a rebound.
4:52 of 1st period - Lee Stempniak is hit by Devin Didiomete and loses puck.
5:38 of 1st period - Ryan Callahan is hit by Chris Mcallister and loses puck.
5:47 of 1st period - Slapshot by Mikael Renberg.
5:47 of 1st period - Stopped by Marc Denis with a rebound.
5:55 of 1st period - Wrist shot by Mikael Renberg.
5:55 of 1st period - Shot Misses the Net.
5:57 of 1st period - Snap shot by Derek Mackenzie.
5:57 of 1st period - Stopped by Marc Denis without a rebound.
5:58 of 1st period - Dustin Boyd wins face-off versus David Krejci in Spitfire zone.
6:11 of 1st period - Wrist shot by Vladimir Orszagh.
6:11 of 1st period - Stopped by Marc Denis without a rebound.
6:12 of 1st period - David Krejci wins face-off versus Dustin Boyd in Spitfire zone.
6:46 of 1st period - Wrist shot by Tyler Bozak.
6:46 of 1st period - Stopped by Marc Denis with a rebound.
7:49 of 1st period - Icing by Lee Stempniak.
7:50 of 1st period - Dustin Boyd wins face-off versus Shean Donovan in River Rats zone.
7:50 of 1st period - Dustin Boyd is hit by David Krejci.
8:02 of 1st period - Wrist shot by Lee Stempniak.
8:02 of 1st period - Shot Misses the Net.
8:04 of 1st period - Slapshot by Lee Stempniak.
8:04 of 1st period - Stopped by Marc Denis without a rebound.
8:05 of 1st period - Kris Beech wins face-off versus Tyler Bozak in Spitfire zone.
8:11 of 1st period - Off-side.
8:12 of 1st period - Kris Beech wins face-off versus Tyler Bozak in neutral zone.
8:21 of 1st period - Wrist shot by Kris Beech.
8:21 of 1st period - Shot Misses the Net.
8:23 of 1st period - Slapshot by Denis Shvidki.
8:23 of 1st period - Shot Misses the Net.
8:25 of 1st period - Slapshot by Matt Walker.
8:25 of 1st period - Shot Blocked by Tyler Bozak.
8:44 of 1st period - Snap shot by David Krejci.
8:44 of 1st period - Shot Hit the Post.
9:02 of 1st period - Wrist shot by Derek Mackenzie.
9:02 of 1st period - Stopped by Marc Denis without a rebound.
9:03 of 1st period - Marc-Antoine Pouliot wins face-off versus Derek Mackenzie in Spitfire zone.
10:10 of 1st period - Snap shot by Mikael Renberg.
10:10 of 1st period - Stopped by Marc Denis with a rebound.
10:12 of 1st period - Snap shot by Mikael Renberg.
10:12 of 1st period - Stopped by Marc Denis with a rebound.
10:14 of 1st period - Slapshot by Andrej Meszaros.
10:14 of 1st period - Stopped by Marc Denis without a rebound.
10:15 of 1st period - David Krejci wins face-off versus Derek Mackenzie in Spitfire zone.
10:15 of 1st period - David Krejci is hit by Chris Mcallister.
10:21 of 1st period - Derek Mackenzie is hit by Shean Donovan and loses puck.
11:09 of 1st period - Slapshot by Mikael Renberg.
11:09 of 1st period - Stopped by Marc Denis without a rebound.
11:10 of 1st period - Brandon Dubinsky wins face-off versus Dustin Boyd in Spitfire zone.
11:21 of 1st period - Slapshot by Vladimir Orszagh.
11:21 of 1st period - Stopped by Marc Denis without a rebound.
11:22 of 1st period - Dustin Boyd wins face-off versus Kris Beech in Spitfire zone.
12:14 of 1st period - Icing by Keaton Ellerby.
12:15 of 1st period - Tyler Bozak wins face-off versus Brandon Dubinsky in Spitfire zone.
12:26 of 1st period - Wrist shot by Tyler Bozak.
12:26 of 1st period - Stopped by Marc Denis with a rebound.
12:30 of 1st period - Snap shot by Josh Gratton.
12:30 of 1st period - Stopped by Marc Denis with a rebound.
12:52 of 1st period - Slapshot by David Krejci.
12:52 of 1st period - Shot Blocked by Martin Grenier.
13:07 of 1st period - Snap shot by Mikael Renberg.
13:07 of 1st period - Stopped by Marc Denis without a rebound.
13:08 of 1st period - Dustin Boyd wins face-off versus Kris Beech in Spitfire zone.
13:18 of 1st period - Off-side.
13:19 of 1st period - David Krejci wins face-off versus Dustin Boyd in neutral zone.
13:24 of 1st period - Wrist shot by David Krejci.
13:24 of 1st period - Shot Blocked by Dustin Boyd.
13:26 of 1st period - Snap shot by Martin Samuelsson.
13:26 of 1st period - Deflect By David Krejci.
13:26 of 1st period - Stopped by Jeff Glass with a rebound.
13:28 of 1st period - Snap shot by Shean Donovan.
13:28 of 1st period - Deflect By David Krejci.
13:28 of 1st period - Goal by David Krejci - Spitfire : 1 - River Rats : 0.
13:29 of 1st period - Dustin Boyd wins face-off versus David Krejci in neutral zone.
13:32 of 1st period - Martin Samuelsson is hit by Martin Grenier and loses puck.
13:55 of 1st period - Martin Grenier is hit by Kris Beech and loses puck.
14:22 of 1st period - Tyler Bozak is hit by Tim Kennedy and loses puck.
14:49 of 1st period - Wrist shot by Martin Samuelsson.
14:49 of 1st period - Shot Misses the Net.
14:55 of 1st period - Matt Jones is hit by David Krejci and loses puck.
15:10 of 1st period - Jay Beagle is hit by Shean Donovan and loses puck.
15:23 of 1st period - Snap shot by David Krejci.
15:23 of 1st period - Stopped by Jeff Glass with a rebound.
15:25 of 1st period - Snap shot by Keaton Ellerby.
15:25 of 1st period - Stopped by Jeff Glass with a rebound.
15:27 of 1st period - Slapshot by Martin Samuelsson.
15:27 of 1st period - Deflect By Jay Beagle.
15:27 of 1st period - Stopped by Jeff Glass without a rebound.
15:28 of 1st period - Brandon Dubinsky wins face-off versus Tyler Bozak in River Rats zone.
15:44 of 1st period - Wrist shot by Tyler Bozak.
15:44 of 1st period - Stopped by Marc Denis without a rebound.
15:45 of 1st period - Dustin Boyd wins face-off versus Kris Beech in Spitfire zone.
16:38 of 1st period - Snap shot by Jonathan Ericsson.
16:38 of 1st period - Shot Misses the Net.
16:54 of 1st period - Wrist shot by Dustin Boyd.
16:54 of 1st period - Shot Misses the Net.
16:56 of 1st period - Wrist shot by Lee Stempniak.
16:56 of 1st period - Stopped by Marc Denis without a rebound.
16:57 of 1st period - Dustin Boyd wins face-off versus Martin Samuelsson in Spitfire zone.
17:02 of 1st period - Wrist shot by Dustin Boyd.
17:02 of 1st period - Stopped by Marc Denis with a rebound.
17:28 of 1st period - Snap shot by Ryan Callahan.
17:28 of 1st period - Shot Misses the Net.
18:07 of 1st period - Slapshot by Dick Tarnstrom.
18:07 of 1st period - Stopped by Jeff Glass without a rebound.
18:08 of 1st period - David Krejci wins face-off versus Derek Mackenzie in River Rats zone.
18:34 of 1st period - Mathieu Roy is hit by Martin Grenier and loses puck.
18:43 of 1st period - Slapshot by Matt Walker.
18:43 of 1st period - Shot Blocked by Jonathan Ericsson.
19:03 of 1st period - Slapshot by David Krejci.
19:03 of 1st period - Stopped by Jeff Glass with a rebound.
19:22 of 1st period - Slapshot by Tyler Bozak.
19:22 of 1st period - Shot Misses the Net.
19:24 of 1st period - Slapshot by Jonathan Ericsson.
19:24 of 1st period - Shot Misses the Net.
19:49 of 1st period - Snap shot by Trent Hunter.
19:49 of 1st period - Shot Blocked by Dick Tarnstrom.
19:51 of 1st period - Slapshot by Jonathan Ericsson.
19:51 of 1st period - Goal by Jonathan Ericsson - Spitfire : 1 - River Rats : 1.
19:52 of 1st period - Ryan Callahan wins face-off versus Dustin Boyd in neutral zone.
19:59 of 1st period - Snap shot by Tim Kennedy.
19:59 of 1st period - Deflect By Ryan Callahan.
19:59 of 1st period - Goal by Ryan Callahan - Spitfire : 2 - River Rats : 1.
2nd period
0:01 of 2nd period - Dustin Boyd wins face-off versus Brandon Dubinsky in neutral zone.
0:08 of 2nd period - Snap shot by Dustin Boyd.
0:08 of 2nd period - Shot Misses the Net.
0:26 of 2nd period - Ryan Callahan is hit by Trent Hunter and loses puck.
1:07 of 2nd period - Snap shot by Tyler Bozak.
1:07 of 2nd period - Stopped by Marc Denis with a rebound.
1:13 of 2nd period - Tyler Bozak is hit by Tim Kennedy.
1:19 of 2nd period - Wrist shot by Josh Gratton.
1:19 of 2nd period - Stopped by Marc Denis without a rebound.
1:20 of 2nd period - Dustin Boyd wins face-off versus Kris Beech in Spitfire zone.
1:21 of 2nd period - Snap shot by Lee Stempniak.
1:21 of 2nd period - Stopped by Marc Denis with a rebound.
1:55 of 2nd period - Wrist shot by David Krejci.
1:55 of 2nd period - Shot Misses the Net.
2:09 of 2nd period - Martin Grenier is hit by Erik Condra and loses puck.
2:47 of 2nd period - Icing by Matt Walker.
2:48 of 2nd period - Kris Beech wins face-off versus Derek Mackenzie in Spitfire zone.
3:05 of 2nd period - Chris Mcallister is hit by Martin Samuelsson and loses puck.
3:36 of 2nd period - Tyler Bozak is hit by Kris Beech and loses puck.
4:08 of 2nd period - Wrist shot by Brandon Dubinsky.
4:08 of 2nd period - Stopped by Jeff Glass with a rebound.
4:34 of 2nd period - Dick Tarnstrom is hit by Mikael Renberg and loses puck.
5:06 of 2nd period - Icing by Vladimir Orszagh.
5:07 of 2nd period - Dustin Boyd wins face-off versus Kris Beech in River Rats zone.
5:33 of 2nd period - Off-side.
5:34 of 2nd period - Tyler Bozak wins face-off versus David Krejci in neutral zone.
5:41 of 2nd period - Wrist shot by Tyler Bozak.
5:41 of 2nd period - Stopped by Marc Denis without a rebound.
5:42 of 2nd period - Dustin Boyd wins face-off versus David Krejci in Spitfire zone.
6:11 of 2nd period - Snap shot by Tim Kennedy.
6:11 of 2nd period - Shot Misses the Net.
6:13 of 2nd period - Slapshot by Dick Tarnstrom.
6:13 of 2nd period - Stopped by Jeff Glass without a rebound.
6:14 of 2nd period - Brandon Dubinsky wins face-off versus Derek Mackenzie in River Rats zone.
6:17 of 2nd period - Wrist shot by Ryan Callahan.
6:17 of 2nd period - Shot Misses the Net.
6:19 of 2nd period - Slapshot by Mathieu Roy.
6:19 of 2nd period - Deflect By Brandon Dubinsky.
6:19 of 2nd period - Shot Blocked by Martin Grenier.
6:19 of 2nd period - Puck is out of play.
6:20 of 2nd period - Lee Stempniak wins face-off versus Brandon Dubinsky in River Rats zone.
6:20 of 2nd period - Lee Stempniak is hit by Brandon Dubinsky.
6:30 of 2nd period - Wrist shot by Tim Kennedy.
6:30 of 2nd period - Shot Misses the Net.
6:32 of 2nd period - Slapshot by Mathieu Roy.
6:32 of 2nd period - Deflect By Jonathan Ericsson.
6:32 of 2nd period - Stopped by Jeff Glass without a rebound.
6:33 of 2nd period - Dustin Boyd wins face-off versus David Krejci in River Rats zone.
6:58 of 2nd period - Derek Mackenzie is hit by Ryan Callahan.
7:09 of 2nd period - Minor Penalty to Dick Tarnstrom for Interference.
7:10 of 2nd period - Shean Donovan wins face-off versus Lee Stempniak in Spitfire zone.
7:10 of 2nd period - Shean Donovan is hit by Dustin Boyd.
7:44 of 2nd period - Slapshot by Andy Greene.
7:44 of 2nd period - Deflect By Kevin Klein.
7:44 of 2nd period - Stopped by Marc Denis with a rebound.
7:46 of 2nd period - Snap shot by Derek Mackenzie.
7:46 of 2nd period - Stopped by Marc Denis with a rebound.
7:48 of 2nd period - Wrist shot by Derek Mackenzie.
7:48 of 2nd period - Goal by Derek Mackenzie - Spitfire : 2 - River Rats : 2.
7:49 of 2nd period - Dustin Boyd wins face-off versus Brandon Dubinsky in neutral zone.
7:57 of 2nd period - Off-side.
7:58 of 2nd period - Vladimir Orszagh wins face-off versus Brandon Dubinsky in neutral zone.
8:01 of 2nd period - Brandon Dubinsky is hit by Matt Jones and loses puck.
8:16 of 2nd period - Wrist shot by Ryan Callahan.
8:16 of 2nd period - Stopped by Jeff Glass with a rebound.
8:48 of 2nd period - Slapshot by Lee Stempniak.
8:48 of 2nd period - Deflect By Dustin Boyd.
8:48 of 2nd period - Stopped by Marc Denis without a rebound.
8:49 of 2nd period - Derek Mackenzie wins face-off versus David Krejci in Spitfire zone.
9:16 of 2nd period - Trent Hunter is hit by Dick Tarnstrom and loses puck.
9:28 of 2nd period - Minor Penalty to Benn Ferriero for Roughing.
9:29 of 2nd period - Vladimir Orszagh wins face-off versus David Krejci in River Rats zone.
10:23 of 2nd period - Wrist shot by Martin Grenier.
10:23 of 2nd period - Stopped by Marc Denis without a rebound.
10:24 of 2nd period - David Krejci wins face-off versus Trent Hunter in Spitfire zone.
10:31 of 2nd period - Wrist shot by David Krejci.
10:31 of 2nd period - Shot Misses the Net.
11:28 of 2nd period - Penalty to Benn Ferriero is over, Benn Ferriero is back on ice.
11:32 of 2nd period - Icing by Trent Hunter.
11:33 of 2nd period - Benn Ferriero wins face-off versus Kris Beech in River Rats zone.
12:03 of 2nd period - Slapshot by Andrej Meszaros.
12:03 of 2nd period - Shot Hit the Post.
12:05 of 2nd period - Slapshot by Chris Mcallister.
12:05 of 2nd period - Stopped by Marc Denis with a rebound.
12:07 of 2nd period - Wrist shot by Mikael Renberg.
12:07 of 2nd period - Deflect By Derek Mackenzie.
12:07 of 2nd period - Shot Misses the Net.
12:07 of 2nd period - Puck is out of play.
12:08 of 2nd period - Dustin Boyd wins face-off versus David Krejci in Spitfire zone.
12:09 of 2nd period - Wrist shot by Lee Stempniak.
12:09 of 2nd period - Stopped by Marc Denis without a rebound.
12:10 of 2nd period - Dustin Boyd wins face-off versus David Krejci in Spitfire zone.
12:35 of 2nd period - Derek Mackenzie is hit by Ryan Callahan and loses puck.
13:06 of 2nd period - Slapshot by Jonathan Ericsson.
13:06 of 2nd period - Shot Blocked by Ryan Callahan.
13:24 of 2nd period - Snap shot by Tyler Bozak.
13:24 of 2nd period - Deflect By Mathieu Roy.
13:24 of 2nd period - Shot Blocked by Matt Walker.
13:24 of 2nd period - Puck is out of play.
13:25 of 2nd period - Dustin Boyd wins face-off versus David Krejci in Spitfire zone.
13:38 of 2nd period - Wrist shot by Dustin Boyd.
13:38 of 2nd period - Shot Misses the Net.
14:13 of 2nd period - Keaton Ellerby is hit by Trent Hunter.
14:19 of 2nd period - Slapshot by Mathieu Roy.
14:19 of 2nd period - Shot Blocked by Andrej Meszaros.
14:59 of 2nd period - Mathieu Roy is hit by Jay Beagle and loses puck.
15:12 of 2nd period - Kris Beech is hit by Matt Jones and loses puck.
15:31 of 2nd period - Erik Condra is hit by Josh Gratton and loses puck.
15:50 of 2nd period - Wrist shot by Brandon Dubinsky.
15:50 of 2nd period - Stopped by Jeff Glass without a rebound.
15:51 of 2nd period - Dustin Boyd wins face-off versus Ryan Callahan in River Rats zone.
16:00 of 2nd period - Snap shot by Martin Grenier.
16:00 of 2nd period - Deflect By Lee Stempniak.
16:00 of 2nd period - Stopped by Marc Denis with a rebound.
16:58 of 2nd period - Tyler Bozak is hit by Ryan Callahan and loses puck.
17:14 of 2nd period - Icing by Brandon Dubinsky.
17:15 of 2nd period - Brandon Dubinsky wins face-off versus Dustin Boyd in Spitfire zone.
17:15 of 2nd period - Brandon Dubinsky is hit by Matt Jones.
18:03 of 2nd period - Wrist shot by Tim Kennedy.
18:03 of 2nd period - Stopped by Jeff Glass with a rebound.
18:05 of 2nd period - Slapshot by Matt Walker.
18:05 of 2nd period - Shot Blocked by Chris Mcallister.
18:07 of 2nd period - Slapshot by Mathieu Roy.
18:07 of 2nd period - Deflect By Brandon Dubinsky.
18:07 of 2nd period - Stopped by Jeff Glass without a rebound.
18:08 of 2nd period - Dustin Boyd wins face-off versus David Krejci in River Rats zone.
19:45 of 2nd period - Keaton Ellerby is hit by Lee Stempniak and loses puck.
19:50 of 2nd period - Snap shot by Lee Stempniak.
19:50 of 2nd period - Stopped by Marc Denis with a rebound.
3rd period
0:01 of 3rd period - Dustin Boyd wins face-off versus David Krejci in neutral zone.
0:30 of 3rd period - Wrist shot by Andy Greene.
0:30 of 3rd period - Shot Blocked by Paul Bissonnette.
0:32 of 3rd period - Snap shot by Matt Jones.
0:32 of 3rd period - Shot Blocked by Kris Beech.
0:36 of 3rd period - Slapshot by Mikael Renberg.
0:36 of 3rd period - Shot Blocked by Denis Shvidki.
0:48 of 3rd period - Snap shot by Tyler Bozak.
0:48 of 3rd period - Stopped by Marc Denis with a rebound.
0:50 of 3rd period - Slapshot by Martin Grenier.
0:50 of 3rd period - Stopped by Marc Denis with a rebound.
0:52 of 3rd period - Snap shot by Tyler Bozak.
0:52 of 3rd period - Shot Misses the Net.
0:54 of 3rd period - Slapshot by Martin Grenier.
0:54 of 3rd period - Stopped by Marc Denis with a rebound.
1:38 of 3rd period - Off-side.
1:39 of 3rd period - Brandon Dubinsky wins face-off versus Derek Mackenzie in neutral zone.
1:48 of 3rd period - Snap shot by Tim Kennedy.
1:48 of 3rd period - Stopped by Jeff Glass without a rebound.
1:49 of 3rd period - Derek Mackenzie wins face-off versus Brandon Dubinsky in River Rats zone.
2:00 of 3rd period - Snap shot by Brandon Dubinsky.
2:00 of 3rd period - Shot Misses the Net.
2:04 of 3rd period - Wrist shot by Brandon Dubinsky.
2:04 of 3rd period - Deflect By Ryan Callahan.
2:04 of 3rd period - Stopped by Jeff Glass with a rebound.
2:06 of 3rd period - Snap shot by Ryan Callahan.
2:06 of 3rd period - Stopped by Jeff Glass with a rebound.
2:08 of 3rd period - Wrist shot by Tim Kennedy.
2:08 of 3rd period - Shot Misses the Net.
2:10 of 3rd period - Wrist shot by Ryan Callahan.
2:10 of 3rd period - Deflect By Brandon Dubinsky.
2:10 of 3rd period - Shot Blocked by Matt Jones.
2:10 of 3rd period - Puck is out of play.
2:11 of 3rd period - Dustin Boyd wins face-off versus Martin Samuelsson in River Rats zone.
2:36 of 3rd period - Kevin Klein is hit by Mikael Renberg and loses puck.
2:43 of 3rd period - Derek Mackenzie is hit by Kris Beech and loses puck.
3:04 of 3rd period - Josh Gratton is hit by Tim Kennedy.
3:25 of 3rd period - Icing by Bryan Rodney.
3:26 of 3rd period - Benn Ferriero wins face-off versus David Krejci in River Rats zone.
3:26 of 3rd period - Benn Ferriero is hit by Martin Samuelsson.
3:34 of 3rd period - Wrist shot by Shean Donovan.
3:34 of 3rd period - Stopped by Jeff Glass with a rebound.
3:36 of 3rd period - Slapshot by Kevin Klein.
3:36 of 3rd period - Shot Blocked by Andrej Meszaros.
3:38 of 3rd period - Snap shot by Dick Tarnstrom.
3:38 of 3rd period - Deflect By Martin Samuelsson.
3:38 of 3rd period - Shot Misses the Net.
3:38 of 3rd period - Puck is out of play.
3:39 of 3rd period - Dustin Boyd wins face-off versus David Krejci in River Rats zone.
4:31 of 3rd period - Slapshot by Martin Grenier.
4:31 of 3rd period - Shot Blocked by Tim Kennedy.
4:35 of 3rd period - Wrist shot by Trent Hunter.
4:35 of 3rd period - Stopped by Marc Denis with a rebound.
5:11 of 3rd period - Slapshot by Martin Samuelsson.
5:11 of 3rd period - Goal by Martin Samuelsson - Spitfire : 3 - River Rats : 2.
5:12 of 3rd period - David Krejci wins face-off versus Dustin Boyd in neutral zone.
5:25 of 3rd period - Snap shot by David Krejci.
5:25 of 3rd period - Shot Blocked by Lee Stempniak.
6:06 of 3rd period - Slapshot by Tyler Bozak.
6:06 of 3rd period - Stopped by Marc Denis with a rebound.
6:08 of 3rd period - Wrist shot by Josh Gratton.
6:08 of 3rd period - Stopped by Marc Denis with a rebound.
6:20 of 3rd period - Wrist shot by Marc-Antoine Pouliot.
6:20 of 3rd period - Shot Misses the Net.
6:28 of 3rd period - Slapshot by Martin Grenier.
6:28 of 3rd period - Stopped by Marc Denis without a rebound.
6:29 of 3rd period - Dustin Boyd wins face-off versus David Krejci in Spitfire zone.
6:35 of 3rd period - Minor Penalty to Martin Samuelsson for Hooking.
6:36 of 3rd period - Shean Donovan wins face-off versus Dustin Boyd in Spitfire zone.
6:49 of 3rd period - Wrist shot by Dustin Boyd.
6:49 of 3rd period - Stopped by Marc Denis with a rebound.
8:08 of 3rd period - Matt Walker is hit by Chris Mcallister and loses puck.
8:35 of 3rd period - Penalty to Martin Samuelsson is over, Martin Samuelsson is back on ice.
8:53 of 3rd period - Wrist shot by Kevin Klein.
8:53 of 3rd period - Stopped by Jeff Glass with a rebound.
8:55 of 3rd period - Slapshot by Erik Condra.
8:55 of 3rd period - Shot Blocked by Trent Hunter.
8:57 of 3rd period - Slapshot by Dick Tarnstrom.
8:57 of 3rd period - Stopped by Jeff Glass with a rebound.
9:15 of 3rd period - Wrist shot by Brett Maclean.
9:15 of 3rd period - Shot Misses the Net.
10:50 of 3rd period - Dustin Boyd is hit by Ryan Callahan and loses puck.
11:21 of 3rd period - Minor Penalty to Devin Didiomete for Holding.
11:22 of 3rd period - Dustin Boyd wins face-off versus Shean Donovan in Spitfire zone.
12:48 of 3rd period - Vladimir Orszagh is hit by Paul Bissonnette and loses puck.
12:57 of 3rd period - Slapshot by Dick Tarnstrom.
12:57 of 3rd period - Stopped by Jeff Glass with a rebound.
12:59 of 3rd period - Wrist shot by Erik Condra.
12:59 of 3rd period - Goal by Erik Condra - Spitfire : 4 - River Rats : 2.
13:00 of 3rd period - Derek Mackenzie wins face-off versus Shean Donovan in neutral zone.
13:19 of 3rd period - Derek Mackenzie is hit by Martin Samuelsson and loses puck.
13:21 of 3rd period - Penalty to Devin Didiomete is over, Devin Didiomete is back on ice.
13:33 of 3rd period - Mathieu Roy is hit by Martin Grenier and loses puck.
13:38 of 3rd period - Wrist shot by Ryan Callahan.
13:38 of 3rd period - Stopped by Jeff Glass with a rebound.
13:40 of 3rd period - Wrist shot by Ryan Callahan.
13:40 of 3rd period - Stopped by Jeff Glass with a rebound.
13:42 of 3rd period - Snap shot by Tim Kennedy.
13:42 of 3rd period - Shot Blocked by Jonathan Ericsson.
14:04 of 3rd period - Snap shot by Marc-Antoine Pouliot.
14:04 of 3rd period - Stopped by Jeff Glass with a rebound.
14:18 of 3rd period - Keaton Ellerby is hit by Lee Stempniak and loses puck.
16:00 of 3rd period - Off-side.
16:01 of 3rd period - Kris Beech wins face-off versus Josh Gratton in neutral zone.
16:32 of 3rd period - Wrist shot by Andy Greene.
16:32 of 3rd period - Stopped by Marc Denis without a rebound.
16:33 of 3rd period - Derek Mackenzie wins face-off versus David Krejci in Spitfire zone.
16:38 of 3rd period - Slapshot by Chris Mcallister.
16:38 of 3rd period - Shot Blocked by Martin Samuelsson.
17:02 of 3rd period - Wrist shot by Dustin Boyd.
17:02 of 3rd period - Deflect By Lee Stempniak.
17:02 of 3rd period - Stopped by Marc Denis with a rebound.
17:04 of 3rd period - Wrist shot by Vladimir Orszagh.
17:04 of 3rd period - Shot Misses the Net.
17:06 of 3rd period - Snap shot by Vladimir Orszagh.
17:06 of 3rd period - Stopped by Marc Denis with a rebound.
17:08 of 3rd period - Backhand shot by Dustin Boyd.
17:08 of 3rd period - Stopped by Marc Denis with a rebound.
17:10 of 3rd period - Snap shot by Vladimir Orszagh.
17:10 of 3rd period - Shot Blocked by Ryan Callahan.
17:24 of 3rd period - Slapshot by Erik Condra.
17:24 of 3rd period - Stopped by Jeff Glass with a rebound.
17:31 of 3rd period - Minor Penalty to Mathieu Roy for Diving.
17:32 of 3rd period - Lee Stempniak wins face-off versus Shean Donovan in Spitfire zone.
17:55 of 3rd period - Vladimir Orszagh is hit by Martin Samuelsson and loses puck.
19:05 of 3rd period - Slapshot by Denis Shvidki.
19:05 of 3rd period - Stopped by Jeff Glass with a rebound.
19:31 of 3rd period - Penalty to Mathieu Roy is over, Mathieu Roy is back on ice.
19:31 of 3rd period - Martin Samuelsson is hit by Andy Greene and loses puck.
Output by the SimonT Hockey Simulator (STHS) for François Prévost -- Original Page W3C XHTML 1.0 Valid